 Dungeon Crawl Stone Soup version 0.24-a0-416-g56ce517 (webtiles) character file.

Game seed: 10677860634186225058

7 EazyBreezy the Skirmisher (level 2, 0/19 HPs)
             Began as a Gargoyle Monk on June 8, 2019.
             Slain by a gnoll
             ... wielding a +0 halberd
              (2 damage)
             ... on level 1 of the Dungeon.
             The game lasted 00:00:35 (99 turns).

EazyBreezy the Skirmisher (Gargoyle Monk)             Turns: 99, Time: 00:00:36

Health: 0/19       AC:  8    Str: 14    XL:     2   Next: 4%
Magic:  2/2        EV:  9    Int: 10    God:
Gold:   17         SH:  0    Dex: 12    Spells: 1/1 levels left

rFire    + + .     SeeInvis .   a - +0 mace
rCold    x . .     Gourm    .   (no shield)
rNeg     + . .     Faith    .   d - -2 fire dragon scales (curse)
rPois    ∞         Spirit   .   (no helmet)
rElec    +         Reflect  .   (no cloak)
rCorr    .         Harm     .   (no gloves)
MR       .....                  (no boots)
Stlth    ..........             (no amulet)
HPRegen  0.06/turn              (no ring)
MPRegen  0.08/turn              (no ring)

@: no status effects
A: negative energy resistance 1, electricity resistance, unbreathing,
petrification resistance, rot immunity, AC +2
a: no special abilities


You were on level 1 of the Dungeon.
You were not hungry.

You visited 1 branch of the dungeon, and saw 1 of its levels.

You collected 17 gold pieces.

Inventory:

Hand Weapons
 a - a +0 mace (weapon)
Armour
 b - a +0 robe
 d - cursed -2 fire dragon scales (worn)
Potions
 e - a potion of might {unknown}
Comestibles
 c - a ration


   Skills:
 * Level 3.4 Fighting
 * Level 3.1 Maces & Flails
 * Level 0.2 Armour
 * Level 2.5 Dodging
 - Level 2.1 Stealth


You had one spell level left.
You didn't know any spells.
Your spell library was empty.

Dungeon Overview and Level Annotations

Branches:
Dungeon (1/15)

Altars:


Innate Abilities, Weirdness & Mutations

You are resistant to torment.
Your stone body is resilient. (AC +2)
You are immune to poison.
You resist negative energy. (rN+)
You are resistant to electric shocks. (rElec)
You can survive without breathing.
You are immune to petrification.
You are immune to rotting.


Message History

You kill the bat!
You have reached level 2!
The gnoll completely misses you.
You closely miss the frilled lizard.
The gnoll hits you from afar with a +0 halberd.
The frilled lizard bites you but does no damage.
You miss the frilled lizard.
The frilled lizard bites you but does no damage.
The gnoll barely misses you.
You miss the frilled lizard. The frilled lizard closely misses you.
The gnoll hits you from afar with a +0 halberd.
The frilled lizard bites you but does no damage.
You completely miss the frilled lizard.
The gnoll hits you from afar with a +0 halberd!
* * * LOW HITPOINT WARNING * * *
The frilled lizard closely misses you.
A rat comes into view.
You barely miss the frilled lizard.
The gnoll hits you from afar with a +0 halberd.
You die...

#..# .# ...... #..#
##.# ......#
###..###.# # .......
#........###.# r......
#..))†.......#
.......##....†....###
.......#........###
.....gl#........#
.......@>.......# ##
......#......>..# ..#
####.
#.........###...#
.......##............#
(###.#####.##...##...#
# #. #..###......# #
##.....##...# #####.#
..# #.# .#


You could see a gnoll, a frilled lizard and a rat.

Vanquished Creatures
  2 bats (D:1)
  A hobgoblin (D:1)
  A goblin (D:1)
  A kobold (D:1)
  3 rats (D:1)
8 creatures vanquished.

Notes
Turn   | Place    | Note
-------+----------+-------------------------------------------
     0 | D:1      | EazyBreezy the Gargoyle Monk began the quest for the Orb.
     0 | D:1      | Reached XP level 1. HP: 14/14 MP: 1/1
    94 | D:1      | Reached XP level 2. HP: 17/19 MP: 2/2
    99 | D:1      | Slain by a gnoll

Levels and vault maps discovered:
D:1:      saegor_arrival_simple_b, layout_rooms, minmay_heptomino_o4

Action                   || total
-------------------------++-------
Melee: Mace              ||    18
Armor: Fire dragon scale ||    14
       Robe              ||     4
Dodge: Dodged            ||    15

Table legend:
 A = Non-vault XP
 B = Vault XP
 C = Vault XP percentage of total XP
 D = Non-vault monster count
 E = Vault monster count
 F = Vault count percentage of total count
                 A         B        C        D         E       F
            +---------+---------+-------+---------+---------+-------
      Total |       8 |       3 |  27.3 |       5 |       3 |  37.5
            +---------+---------+-------+---------+---------+-------
        D:1 |       8 |       3 |  27.3 |       5 |       3 |  37.5
            +---------+---------+-------+---------+---------+-------
